General information
- name: BNet
- type: Ladder team game (AT/RT)
- host: Battle.net
- saver: FUFLUXVAN
map: HurricaneIsle
- players: 8
- length: 58:24
- speed: Fast
- version: 1.26 W3XP
- replay type: Public
» download(257 KB)
Players
team 1 (winner)

»
ubehome (
purple | 49 APM | 2462 actions | 50:31)
7 Far Seer
3 Chain Lighting
2 Far Sight
1 Earth Quake
1 Feral Spirit
7 Shadow Hunter
3 Healing Wave
3 Hex
1 Big Bad Voodoo
7 Naga Sea Witch
3 Forked Lightning
3 Frost Arrows
1 Tornado
» actions
| Assign group hotkey | 2 | |
| Basic commands | 88 | |
| Build / train | 80 | |
| Enter build submenu | 40 | |
| Enter hero's abilities submenu | 22 | |
| Give item / drop item | 6 | |
| Right click | 1223 | |
| Select / deselect | 821 | |
| Select group hotkey | 12 | |
| Use ability | 166 | |
2462 total
» units
| Peon | 17 | |
| Grunt | 5 | |
| Goblin Zeppelin | 4 | |
| Wind Rider | 6 | |
32 total
» upgrades
| Envenomed Spears | 1 | |
| Ranged Weapons | 2 | |
| Armor | 1 | |
4 total
» buildings
| Altar of Storms | 1 | |
| Orc Burrow | 12 | |
| Barracks | 1 | |
| Voodoo Lounge | 1 | |
| War Mill | 3 | |
| Stronghold | 1 | |
| Great Hall | 4 | |
| Watch Tower | 7 | |
| Fortress | 4 | |
| Beastiary | 2 | |
36 total
» build order
00:23 Altar of Storms
00:32 Orc Burrow
01:06 Barracks
01:28 Orc Burrow
02:05 Voodoo Lounge
02:34 War Mill
02:39 War Mill
03:45 Stronghold
03:57 Orc Burrow
05:39 Great Hall
05:43 Watch Tower
06:07 Watch Tower
06:56 Watch Tower
07:49 Fortress
07:50 Fortress
07:50 Fortress
09:17 Orc Burrow
09:22 Watch Tower
10:02 Beastiary
10:06 Beastiary
14:35 Orc Burrow
14:35 Orc Burrow
14:37 Orc Burrow
14:37 Orc Burrow
22:40 Great Hall
26:59 Great Hall
27:04 Watch Tower
27:33 Watch Tower
27:35 Watch Tower
31:10 Orc Burrow
32:43 Orc Burrow
32:47 Orc Burrow
33:24 War Mill
36:39 Great Hall
46:37 Orc Burrow
» items
| Lesser Clarity Potion | 2 | |
| Healing Salve | 2 | |
4 total
FUFLUXVAN (
green | 47 APM | 2765 actions | 58:24)
10 Archmage
3 Summon Water Elemental
3 Brilliance Aura
1 Mass Teleport
3 Blizzard
1 Shadow Hunter
1 Hex
» actions
| Assign group hotkey | 85 | |
| Basic commands | 210 | |
| Build / train | 113 | |
| Enter build submenu | 42 | |
| Enter hero's abilities submenu | 11 | |
| Give item / drop item | 28 | |
| Right click | 913 | |
| Select / deselect | 673 | |
| Select group hotkey | 568 | |
| Use ability | 117 | |
2765 total
» units
| Peasant | 13 | |
| Footman | 6 | |
| Goblin Shredder | 1 | |
| Gryphon Rider | 19 | |
| Goblin Zeppelin | 3 | |
| Dragonhawk Rider | 2 | |
44 total
» upgrades
| Masonry | 3 | |
| Swords | 3 | |
| Armor | 3 | |
| Lumber Harvesting | 2 | |
| Animal War Training | 1 | |
| Storm Hammers | 1 | |
| Backpack | 1 | |
| Cloud | 1 | |
| Gunpowder | 3 | |
| Plating | 3 | |
| Long Rifles | 1 | |
| Defend | 1 | |
23 total
» buildings
| Altar of Kings | 1 | |
| Farm | 14 | |
| Barracks | 1 | |
| Keep | 1 | |
| Lumber Mill | 1 | |
| Blacksmith | 1 | |
| Arcane Vault | 2 | |
| Castle | 1 | |
| Scout Tower | 17 | |
| Guard Tower | 15 | |
| Gryphon Aviary | 2 | |
| Town Hall | 4 | |
60 total
» build order
00:08 Altar of Kings
00:10 Farm
00:13 Barracks
01:23 Farm
02:03 Farm
03:11 Keep
03:21 Lumber Mill
04:08 Blacksmith
05:09 Farm
05:15 Farm
05:32 Arcane Vault
05:34 Castle
05:52 Scout Tower
06:12 Scout Tower
06:26 Guard Tower
07:08 Guard Tower
07:42 Farm
07:59 Gryphon Aviary
08:05 Gryphon Aviary
10:43 Farm
10:47 Farm
11:28 Farm
11:30 Farm
11:34 Farm
17:08 Town Hall
17:17 Scout Tower
17:18 Scout Tower
17:19 Scout Tower
17:20 Scout Tower
17:21 Scout Tower
19:09 Guard Tower
19:09 Guard Tower
19:26 Guard Tower
20:21 Guard Tower
20:21 Guard Tower
20:39 Guard Tower
21:09 Arcane Vault
21:27 Scout Tower
21:29 Scout Tower
21:32 Scout Tower
21:59 Guard Tower
22:00 Guard Tower
22:06 Guard Tower
23:32 Farm
23:34 Farm
23:49 Farm
24:16 Scout Tower
25:34 Guard Tower
28:24 Town Hall
30:35 Scout Tower
30:36 Scout Tower
30:36 Scout Tower
34:58 Guard Tower
36:03 Scout Tower
36:04 Scout Tower
36:05 Scout Tower
37:19 Guard Tower
39:53 Town Hall
46:39 Town Hall
» items
| Scroll of Regeneration | 5 | |
| Orb of Fire | 2 | |
| Hood of Cunning | 1 | |
| Scroll of Healing | 1 | |
| Boots of Speed | 1 | |
| Staff of Teleportation | 1 | |
| Warsong Battle Drums | 1 | |
| Ring of Regeneration | 1 | |
| Circlet of Nobility | 1 | |
| Mantle of Intelligence +3 | 1 | |
15 total
Yoishma23 (
yellow | 37 APM | 1194 actions | 32:06)
4 Blademaster
2 Wind Walk
2 Critical Strike
4 Shadow Hunter
2 Healing Wave
2 Hex
» actions
| Assign group hotkey | 15 | |
| Basic commands | 43 | |
| Build / train | 69 | |
| Enter build submenu | 37 | |
| Enter hero's abilities submenu | 8 | |
| Give item / drop item | 4 | |
| Right click | 353 | |
| Select / deselect | 414 | |
| Select group hotkey | 169 | |
| Use ability | 81 | |
1194 total
» units
| Peon | 15 | |
| Wind Rider | 15 | |
| Goblin Zeppelin | 1 | |
| Troll Batrider | 6 | |
| Dragonhawk Rider | 4 | |
41 total
» upgrades
| Armor | 3 | |
| Ranged Weapons | 3 | |
| Envenomed Spears | 1 | |
| Liquid Fire | 1 | |
| Spiked Barricades | 1 | |
| Pillage | 1 | |
| Shaman Training | 1 | |
| Witch Doctor Training | 1 | |
12 total
» buildings
| Altar of Storms | 2 | |
| Orc Burrow | 8 | |
| Voodoo Lounge | 1 | |
| War Mill | 1 | |
| Watch Tower | 15 | |
| Stronghold | 2 | |
| Beastiary | 2 | |
| Fortress | 1 | |
| Great Hall | 4 | |
| Guard Tower | 1 | |
| Spirit Lodge | 2 | |
39 total
» build order
00:22 Altar of Storms
00:55 Orc Burrow
01:33 Voodoo Lounge
01:44 War Mill
01:53 Orc Burrow
02:50 Orc Burrow
03:02 Watch Tower
03:27 Stronghold
03:56 Orc Burrow
04:09 Watch Tower
04:56 Orc Burrow
05:15 Watch Tower
05:57 Beastiary
06:13 Beastiary
06:40 Orc Burrow
07:22 Orc Burrow
07:28 Watch Tower
08:36 Watch Tower
09:16 Fortress
10:34 Great Hall
12:58 Orc Burrow
14:10 Watch Tower
14:59 Watch Tower
16:03 Watch Tower
17:19 Watch Tower
18:34 Watch Tower
20:56 Watch Tower
23:18 Great Hall
25:31 Guard Tower
26:32 Spirit Lodge
26:35 Spirit Lodge
27:42 Great Hall
27:47 Watch Tower
27:50 Watch Tower
27:52 Watch Tower
27:56 Watch Tower
30:11 Altar of Storms
31:01 Great Hall
31:07 Stronghold
» items
| Lesser Clarity Potion | 1 | |
| Healing Salve | 1 | |
2 total

»
saultrain11 (
orange | 32 APM | 698 actions | 21:58)
3 Blood Mage
2 Flame Strike
1 Siphon Mana
1 Archmage
1 Summon Water Elemental
1 Mountain King
1 Storm Bolt
» actions
| Assign group hotkey | 8 | |
| Basic commands | 15 | |
| Build / train | 82 | |
| Enter build submenu | 48 | |
| Enter hero's abilities submenu | 5 | |
| Give item / drop item | 1 | |
| Remove unit from queue | 2 | |
| Right click | 165 | |
| Select / deselect | 291 | |
| Select group hotkey | 24 | |
| Use ability | 57 | |
698 total
» units
| Peasant | 16 | |
| Footman | 10 | |
| Dragonhawk Rider | 4 | |
| Goblin Zeppelin | 1 | |
| Gryphon Rider | 16 | |
47 total
» upgrades
| Defend | 1 | |
| Masonry | 2 | |
| Lumber Harvesting | 1 | |
| Swords | 2 | |
| Plating | 2 | |
| Storm Hammers | 1 | |
| Cloud | 1 | |
10 total
» buildings
| Altar of Kings | 1 | |
| Farm | 16 | |
| Barracks | 1 | |
| Lumber Mill | 3 | |
| Keep | 1 | |
| Blacksmith | 1 | |
| Gryphon Aviary | 4 | |
| Scout Tower | 13 | |
| Guard Tower | 9 | |
| Arcane Vault | 1 | |
| Town Hall | 1 | |
| Castle | 1 | |
| Arcane Tower | 1 | |
53 total
» build order
00:07 Altar of Kings
00:10 Farm
00:26 Barracks
01:15 Lumber Mill
02:20 Farm
02:54 Farm
03:22 Farm
03:24 Farm
04:00 Farm
04:35 Keep
04:52 Farm
04:53 Farm
05:42 Farm
05:54 Blacksmith
06:29 Farm
06:56 Gryphon Aviary
06:58 Gryphon Aviary
07:12 Farm
07:23 Scout Tower
07:36 Scout Tower
07:41 Scout Tower
07:46 Scout Tower
07:52 Farm
07:57 Scout Tower
08:00 Guard Tower
08:24 Arcane Vault
08:49 Scout Tower
08:52 Guard Tower
08:53 Guard Tower
08:57 Guard Tower
09:04 Farm
10:16 Town Hall
11:32 Guard Tower
11:36 Scout Tower
11:37 Castle
12:16 Lumber Mill
14:49 Guard Tower
14:50 Scout Tower
14:55 Farm
15:52 Farm
16:03 Arcane Tower
16:07 Guard Tower
16:10 Guard Tower
16:41 Farm
18:12 Lumber Mill
19:55 Gryphon Aviary
20:01 Gryphon Aviary
21:07 Scout Tower
21:17 Scout Tower
21:40 Guard Tower
21:44 Scout Tower
21:46 Scout Tower
21:49 Scout Tower
» items
team 2 (loser)
fdksnfkdnskl (
red | 44 APM | 606 actions | 13:46)
1 Archmage
1 Summon Water Elemental
» actions
| Basic commands | 43 | |
| Build / train | 33 | |
| Enter build submenu | 17 | |
| Enter hero's abilities submenu | 1 | |
| Right click | 277 | |
| Select / deselect | 191 | |
| Use ability | 44 | |
606 total
» units
| Peasant | 24 | |
| Goblin Zeppelin | 4 | |
| Goblin Sapper | 2 | |
30 total
» buildings
| Altar of Kings | 1 | |
| Farm | 7 | |
| Ancient of Wonders | 1 | |
| Town Hall | 1 | |
| Scout Tower | 4 | |
14 total
» build order
00:30 Altar of Kings
00:46 Farm
00:49 Farm
01:32 Farm
02:48 Farm
02:49 Farm
03:41 Farm
04:23 Farm
05:22 Ancient of Wonders
06:26 Town Hall
09:09 Scout Tower
09:10 Scout Tower
09:11 Scout Tower
09:12 Scout Tower
deaadadsfasdf (
pink | 45 APM | 2609 actions | 58:23)
9 Archmage
3 Summon Water Elemental
3 Brilliance Aura
1 Mass Teleport
2 Blizzard
3 Firelord
2 Summon Lava Spawn
1 Soul Burn
1 Mountain King
1 Storm Bolt
» actions
| Assign group hotkey | 74 | |
| Basic commands | 131 | |
| Build / train | 116 | |
| Enter build submenu | 23 | |
| Enter hero's abilities submenu | 14 | |
| Give item / drop item | 3 | |
| Right click | 762 | |
| Select / deselect | 513 | |
| Select group hotkey | 759 | |
| Use ability | 214 | |
2609 total
» units
| Peasant | 18 | |
| Goblin Shredder | 3 | |
| Gryphon Rider | 13 | |
| Siege Engine | 7 | |
| Goblin Zeppelin | 3 | |
| Goblin Sapper | 4 | |
48 total
» upgrades
| Masonry | 3 | |
| Lumber Harvesting | 1 | |
| Gunpowder | 3 | |
| Swords | 3 | |
| Animal War Training | 1 | |
| Storm Hammers | 1 | |
| Barrage | 1 | |
| Flying Machine Bombs | 1 | |
| Flak Cannons | 1 | |
| Plating | 1 | |
| Armor | 1 | |
| Flare | 1 | |
| Fragmentation Shards | 1 | |
19 total
» buildings
| Altar of Kings | 1 | |
| Farm | 14 | |
| Keep | 1 | |
| Lumber Mill | 1 | |
| Arcane Vault | 2 | |
| Scout Tower | 19 | |
| Guard Tower | 13 | |
| Castle | 1 | |
| Gryphon Aviary | 3 | |
| Blacksmith | 1 | |
| Town Hall | 4 | |
| Barracks | 1 | |
| Workshop | 2 | |
63 total
» build order
00:15 Altar of Kings
00:26 Farm
02:02 Keep
02:13 Lumber Mill
02:23 Farm
02:28 Farm
02:30 Farm
02:33 Farm
02:35 Farm
02:36 Farm
02:37 Farm
03:25 Arcane Vault
03:55 Scout Tower
03:56 Scout Tower
03:58 Scout Tower
03:59 Scout Tower
04:01 Scout Tower
05:32 Guard Tower
05:33 Guard Tower
05:33 Guard Tower
05:44 Castle
06:09 Guard Tower
07:49 Gryphon Aviary
07:55 Scout Tower
07:58 Gryphon Aviary
07:59 Gryphon Aviary
08:16 Blacksmith
08:18 Farm
08:18 Farm
08:18 Farm
08:20 Farm
08:21 Farm
08:21 Farm
08:51 Scout Tower
08:52 Scout Tower
08:52 Scout Tower
08:53 Scout Tower
08:53 Scout Tower
08:56 Guard Tower
09:32 Guard Tower
10:12 Guard Tower
11:36 Town Hall
11:58 Guard Tower
12:15 Barracks
13:01 Workshop
14:41 Workshop
16:38 Scout Tower
16:39 Scout Tower
16:40 Scout Tower
16:40 Scout Tower
16:40 Scout Tower
16:41 Scout Tower
16:42 Scout Tower
17:05 Guard Tower
17:05 Guard Tower
18:31 Guard Tower
18:32 Guard Tower
19:06 Guard Tower
22:39 Town Hall
28:25 Town Hall
29:01 Town Hall
46:11 Arcane Vault
» items
| Ivory Tower | 7 | |
| Potion of Healing | 4 | |
| Potion of Lesser Invulnerability | 1 | |
| Scroll of Town Portal | 1 | |
| Scroll of Healing | 1 | |
| Staff of Sanctuary | 1 | |
15 total

»
spre (
teal | 15 APM | 890 actions | 58:23)
6 Death Knight
3 Death Coil
2 Unholy Aura
1 Animate Dead
6 Lich
2 Frost Nova
3 Frost Armor
1 Death and Decay
3 Dreadlord
1 Vampiric Aura
2 Sleep
» actions
| Basic commands | 221 | |
| Build / train | 95 | |
| ESC pressed | 6 | |
| Enter build submenu | 38 | |
| Enter hero's abilities submenu | 15 | |
| Give item / drop item | 4 | |
| Right click | 9 | |
| Select / deselect | 380 | |
| Use ability | 122 | |
890 total
» units
| Acolyte | 16 | |
| Ghoul | 11 | |
| Gargoyle | 20 | |
| Goblin Zeppelin | 3 | |
| Frost Wyrm | 3 | |
| Obsidian Statue | 3 | |
56 total
» upgrades
| Creature Attack | 3 | |
| Creature Carapace | 3 | |
| Web | 1 | |
| Stone Form | 1 | |
8 total
» buildings
| Crypt | 3 | |
| Altar of Darkness | 1 | |
| Ziggurat | 17 | |
| Tomb of Relics | 3 | |
| Halls of the Dead | 2 | |
| Necropolis | 3 | |
| Graveyard | 2 | |
| Spirit Tower | 3 | |
| Black Citadel | 1 | |
| Sacrificial Pit | 1 | |
| Boneyard | 3 | |
| Slaughterhouse | 1 | |
40 total
» build order
00:14 Crypt
00:22 Altar of Darkness
00:39 Ziggurat
03:02 Ziggurat
03:59 Ziggurat
05:03 Tomb of Relics
05:55 Halls of the Dead
06:09 Necropolis
06:26 Necropolis
06:59 Graveyard
08:44 Spirit Tower
10:00 Graveyard
11:04 Black Citadel
11:31 Ziggurat
11:33 Ziggurat
11:36 Ziggurat
11:39 Ziggurat
11:41 Ziggurat
12:24 Spirit Tower
12:42 Spirit Tower
14:30 Crypt
14:41 Crypt
14:46 Tomb of Relics
15:01 Tomb of Relics
15:57 Sacrificial Pit
16:10 Ziggurat
16:29 Ziggurat
17:11 Boneyard
17:16 Boneyard
17:20 Boneyard
18:14 Slaughterhouse
22:08 Ziggurat
22:09 Ziggurat
40:16 Halls of the Dead
41:28 Necropolis
42:11 Ziggurat
42:13 Ziggurat
42:16 Ziggurat
42:23 Ziggurat
42:26 Ziggurat
» items
| Orb of Corruption | 2 | |
| Scroll of Town Portal | 5 | |
7 total
Sylvanas-W. (
blue | 43 APM | 218 actions | 05:05)
2 Warden
1 Fan of Knives
1 Blink
» actions
| Build / train | 26 | |
| Enter build submenu | 9 | |
| Enter hero's abilities submenu | 2 | |
| Right click | 96 | |
| Select / deselect | 72 | |
| Use ability | 13 | |
218 total
» units
» buildings
| Moon Well | 5 | |
| Altar of Elders | 1 | |
| Ancient of War | 2 | |
| Hunter's Hall | 1 | |
| Tree of Ages | 1 | |
10 total
» build order
00:39 Moon Well
00:51 Altar of Elders
01:06 Ancient of War
01:11 Ancient of War
01:40 Moon Well
02:17 Hunter's Hall
02:32 Moon Well
03:29 Moon Well
03:34 Moon Well
04:07 Tree of Ages
Chat log
(00:18 / All) Sylvanas-W.: I want to do Kung fu fighting!
(00:20 / All) fdksnfkdnskl: hey green
(00:24 / All) FUFLUXVAN: fuck this map
(00:29 / All) Sylvanas-W.: TK
(00:31 / All) Sylvanas-W.: !
(00:36 / All) FUFLUXVAN: ?
(00:47 / All) Sylvanas-W.: if u decide to leave
(01:15 / All) FUFLUXVAN: why do you think i am tk
(01:15 / All) ubehome: this map is interesting
(01:27 / All) saultrain11: its gay
(01:33 / All) Sylvanas-W.: because u said a cuss word
(01:37 / All) FUFLUXVAN: stupid air tech map
(01:38 / All) FUFLUXVAN: lol
(01:45 / All) FUFLUXVAN: I only like the amount of creeps and xpos
(01:56 / All) fdksnfkdnskl: hey yellow
(02:04 / All) fdksnfkdnskl: remember me from last game?
(02:06 / Allies) Yoishma23: yeah
(02:12 / All) FUFLUXVAN: he says "yeah" in allies
(02:13 / All) ubehome: he said yea
(02:40 / Allies) Yoishma23: he tked my team last game
(02:48 / All) FUFLUXVAN: yellow says you tked
(02:48 / All) ubehome: lol red
(02:50 / All) FUFLUXVAN: is that true?
(02:53 / All) fdksnfkdnskl: naw
(02:57 / All) fdksnfkdnskl: he tked me
(03:00 / All) ubehome: lol
(03:02 / All) FUFLUXVAN: hahaha
(03:05 / All) FUFLUXVAN: doesn't surpirse me he'd lie
(12:35 / Allies) FUFLUXVAN: gold please
(13:55 / All) ubehome: gg?
(14:08 / All) FUFLUXVAN: wtf was red doing?
(14:20 / All) ubehome: lawl
(14:23 / All) deaadadsfasdf: he militia tped
(14:24 / Allies) Yoishma23: i told you he tked last game
(14:25 / All) deaadadsfasdf: blue
(14:29 / All) deaadadsfasdf: and teal killed him
(14:33 / Allies) FUFLUXVAN: does that look like a tker?
(14:35 / Allies) FUFLUXVAN: red was new
(14:38 / Allies) saultrain11: wheres the 4th guui
(20:39 / Allies) Yoishma23: ill tp to next spot
(22:01 / All) FUFLUXVAN: raped
(22:16 / All) ubehome: indeed
(22:25 / Allies) ubehome: pls stop green
(25:19 / All) FUFLUXVAN: raped
(25:50 / Allies) Yoishma23: green if you wernt an asshole we woulda won
(25:55 / All) FUFLUXVAN: lol
(26:05 / All) FUFLUXVAN: Yellow says if I wasn't an asshole we would've won
(26:13 / All) FUFLUXVAN: Truth is, he and purp were fucking awful
(26:26 / All) FUFLUXVAN: So I made the mlose, since they deserved it
(26:50 / All) ubehome: that' very intelligent green
(26:56 / All) FUFLUXVAN: ty motherfucker
(27:01 / All) ubehome: welcome
(28:17 / All) FUFLUXVAN: purp you have 3k gold, stop jerking off
(28:33 / All) ubehome: have to save because you're killing me
(28:50 / All) FUFLUXVAN: and everyone else, you are not special dumb nigger
(29:32 / Allies) Yoishma23: god damnit green
(30:02 / All) FUFLUXVAN: god damnit green - yellow
(30:07 / All) FUFLUXVAN: as I killed his main and his army sat and watched
(30:18 / All) ubehome: gg
(30:21 / All) FUFLUXVAN: gg faggot
(30:27 / All) FUFLUXVAN: kill yourself purp and yellow
(30:37 / All) ubehome: hope you had fun green
(30:39 / All) FUFLUXVAN: I did
(30:40 / All) FUFLUXVAN: ty
(30:43 / All) deaadadsfasdf: i raped u purple
(30:44 / All) ubehome: you seemed to enjoy yourself :D
(30:50 / All) FUFLUXVAN: I do!
(30:55 / All) FUFLUXVAN: good observation
(31:02 / All) ubehome: thank you, very kind
(31:05 / All) FUFLUXVAN: i know
(31:37 / All) ubehome: perhaps we can play again some othrer time
(31:42 / All) FUFLUXVAN: hopefully
(31:42 / All) ubehome: without the tk :D
(31:45 / All) FUFLUXVAN: so I can rape you again
(32:13 / All) FUFLUXVAN: now purp, get the fuck out faggot
(32:28 / All) ubehome: soon
(32:33 / All) ubehome: i'll let you leave first
(32:41 / All) FUFLUXVAN: then I'll just kill all my shit
(33:23 / All) FUFLUXVAN: raped
(33:34 / All) FUFLUXVAN: ty for xp
(33:42 / All) FUFLUXVAN: nice level 3 dreadlord tp
(33:49 / All) FUFLUXVAN: I have mass tp motherfuck
(33:59 / All) spre: cum to me then idiot noob
(34:08 / All) FUFLUXVAN: you sick fuck
(35:04 / Allies) FUFLUXVAN: prup you can use yellow
(35:08 / Allies) FUFLUXVAN: *purp
(35:11 / Allies) FUFLUXVAN: I shall let you
(35:17 / Allies) ubehome: k thx
(35:19 / Allies) FUFLUXVAN: np
(37:39 / All) FUFLUXVAN: I lost 2 units
(37:40 / All) FUFLUXVAN: oh no
(37:43 / All) FUFLUXVAN: whatever shall I do
(37:50 / All) FUFLUXVAN: I came, teal, and I raped your shitty ass
(38:32 / All) FUFLUXVAN: ty for misrallied gargs free xp
(39:13 / All) deaadadsfasdf: dont worry teal i got this
(39:29 / All) FUFLUXVAN: purp tied to kill my gryphs
(39:30 / All) FUFLUXVAN: lols
(39:42 / All) ubehome: lol i didn't
(39:50 / All) ubehome: i'd rather win this one
(40:01 / All) FUFLUXVAN: maybe I just wasn't paying attention, I don't know
(40:08 / All) FUFLUXVAN: doubt 3 heroes could kill 5 gryphons
(40:14 / Allies) ubehome: lol
(40:37 / Allies) ubehome: no
(41:49 / All) FUFLUXVAN: you can keep your heroes
(43:52 / All) FUFLUXVAN: yes faggot, attack with 2 gargs
(43:58 / All) FUFLUXVAN: dumbass shit-eating moneky
(44:00 / All) FUFLUXVAN: *Monkey
(44:04 / All) FUFLUXVAN: a wonder that you can play games
(44:25 / All) FUFLUXVAN: teal, pls castrate yourself so you can't infect the gene pool
(45:11 / All) FUFLUXVAN: you can keep your 1 acolyte so you can cower in your corner
(45:21 / All) FUFLUXVAN: assuming you even have any
(45:31 / All) FUFLUXVAN: might have missed 1 at expo, don't remember
(45:51 / All) FUFLUXVAN: good, I was right. 1 aco, and even a sacrificial pit
(45:54 / All) FUFLUXVAN: feel free to make it a shade
(46:09 / All) ubehome: lol green you're cracking me up
(46:10 / All) FUFLUXVAN: random statue wtf
(46:16 / All) FUFLUXVAN: ty it's what I do
(46:59 / All) FUFLUXVAN: killing my shit now
(47:04 / All) FUFLUXVAN: I think purp deserves the loss
(47:13 / All) FUFLUXVAN: he is 551-579 w/l
(47:13 / All) ubehome: doesn't matter to me
(47:15 / All) FUFLUXVAN: very tryhard
(47:57 / All) ubehome: gg
(48:05 / All) ubehome: you're a good player pink
(48:06 / All) deaadadsfasdf: dont give up moron
(48:07 / All) FUFLUXVAN: this was a shitty game, shut the fuck up
(48:08 / All) ubehome: you too green
(48:08 / All) FUFLUXVAN: no chat log
(48:18 / All) deaadadsfasdf: teal and u have equal chance
(49:11 / All) ubehome: the games just not fun without teams
(49:20 / All) FUFLUXVAN: I agree, that's why I play 4v4
(50:09 / All) FUFLUXVAN: 2 aura items for my archmage, best one stoo
(50:14 / All) FUFLUXVAN: flute and chimes
(50:36 / All) FUFLUXVAN: actually nvm, movement speed would be ideal in place of chimes
(50:44 / All) FUFLUXVAN: teal is still in-game, god dammit
(51:02 / All) deaadadsfasdf: he is 50 games below 50% plus is clueless
(51:14 / All) FUFLUXVAN: jesus
(52:07 / All) FUFLUXVAN: got jango from purp's hero, best items now
(52:39 / All) FUFLUXVAN: hm
(52:47 / All) FUFLUXVAN: warsong battle drums
(52:49 / All) FUFLUXVAN: jesus christ
(52:55 / All) FUFLUXVAN: +14 damage 3/3 gryphons
(53:18 / All) deaadadsfasdf: i wish zelda ocarina of time would get an hd remake
(53:21 / All) deaadadsfasdf: best game eva
(53:31 / All) FUFLUXVAN: it has one doesn't it?
(53:36 / All) FUFLUXVAN: you mean majora's mosque?
(53:40 / All) deaadadsfasdf: some gay handheld one
(53:48 / All) deaadadsfasdf: mask*
(53:51 / All) FUFLUXVAN: mosque
(53:53 / All) deaadadsfasdf: u never played it?
(53:56 / All) FUFLUXVAN: they are all muslims in majora
(54:05 / All) deaadadsfasdf: works for me
(54:06 / All) FUFLUXVAN: yes, beaten both mm and oot
(54:16 / All) FUFLUXVAN: I liked MM more
(54:20 / All) FUFLUXVAN: but OOT was good too
(54:58 / All) FUFLUXVAN: +27 damage am, nice
(55:20 / All) FUFLUXVAN: khadgar's pipe dropped, but I have no mana units other than my am
(55:28 / All) deaadadsfasdf: u have brilliance aura moron
(55:30 / All) deaadadsfasdf: ud ont need it
(55:35 / All) FUFLUXVAN: I know
(55:43 / All) FUFLUXVAN: good if I was caster and had a mk, I mean
(57:21 / All) FUFLUXVAN: your shit almost dead?
(57:26 / All) FUFLUXVAN: weird that teal is in-game, afk I guess
(57:29 / All) deaadadsfasdf: 1 building
(57:31 / All) deaadadsfasdf: teal u here
(58:02 / All) deaadadsfasdf: should i just kill my building
(58:09 / All) FUFLUXVAN: yes
(58:11 / All) FUFLUXVAN: he loses
(58:13 / All) FUFLUXVAN: fun stab